 Dungeon Crawl Stone Soup version 0.17.1-1-g73c8601 (webtiles) character file.

231541 Implojin the Warrior (level 17, -9/191 HPs)
             Began as a Troll Fighter on Apr 8, 2016.
             Was a High Priest of Okawaru.
             Killed from afar by an iron dragon (44 damage)
             ... with a spray of metal splinters
             ... on level 3 of the Depths.
             The game lasted 01:41:17 (11955 turns).

Implojin the Warrior (Troll Fighter)               Turns: 11955, Time: 01:41:17

Health: -9/191     AC: 16    Str: 28    XL:     17   Next: 85%
Magic:  18/22      EV: 25    Int:  4    God:    Okawaru [*****.]
Gold:   765        SH:  0    Dex: 20    Spells: 4 memorised, 7 levels left

rFire  + + .     SeeInvis +       - Unarmed
rCold  . . .     Clarity  .     f - +2 swamp dragon armour
rNeg   . . .     SustAt   .     (no shield)
rPois  +         Gourm    +     (helmet restricted)
rElec  .         Spirit   .     Z - +2 cloak {rF+}
rCorr  .         Warding  .     (gloves unavailable)
rMut   +         Stasis   .     (boots unavailable)
MR     +....                    z - amulet of resist mutation
Stlth  +++.......               A - ring of Qaocos Ojaur {Fire Dex+6 SInv Stlth+}
                                E - ring of protection from cold

@: exhausted, heroism, finesse, slowed, very slow, somewhat resistant to hostile
enchantments, fairly stealthy
A: unfitting armour, claws 3, fast metabolism 3, gourmand, mutation resistance
1, regeneration 2, shaggy fur 1, tough skin 2
a: Heroism, Finesse, Renounce Religion
}: 3/15 runes: decaying, abyssal, gossamer


You were on level 3 of the Depths.
You worshipped Okawaru.
Okawaru was extremely pleased with you.
You were not hungry.

You visited 6 branches of the dungeon, and saw 35 of its levels.
You visited the Abyss 1 time.
You also visited: Volcano.

You collected 912 gold pieces.
You spent 147 gold pieces at shops.

Inventory:

Hand Weapons
 y - a +0 eveningstar of protection
Missiles
 c - 8 silver javelins
 i - a large rock
 S - 3 javelins (quivered)
Armour
 b - a +0 shield
 f - a +2 swamp dragon armour (worn)
 m - the +1 robe "Umiolownu" {rF+ MR+ Str+3 Stlth+}
   (Okawaru gifted it to you on level 2 of the Lair of Beasts)

   It affects your strength (+3).
   It protects you from fire.
   It affects your resistance to hostile enchantments.
   It makes you more stealthy.
 o - an ice dragon hide
 R - a +0 large shield
 X - a mottled dragon hide
 Z - a +2 cloak of fire resistance (worn)
Jewellery
 e - an uncursed ring of positive energy
 j - an uncursed ring of flight
 r - an uncursed ring of fire
 u - an uncursed amulet of stasis
 z - an amulet of resist mutation (around neck)
 A - the ring of Qaocos Ojaur (right claw) {Fire Dex+6 SInv Stlth+}
   (You bought it in a shop on level 10 of the Dungeon)

   [ring of fire]

   It enhances your fire magic, and weakens your ice magic.
   It affects your dexterity (+6).
   It protects you from fire.
   It makes you vulnerable to cold.
   It lets you see invisible.
   It makes you more stealthy.
 D - an uncursed ring of ice
 E - a ring of protection from cold (left claw)
 F - a +1 ring of protection
 N - an uncursed ring of invisibility
 T - an uncursed ring of sustain attributes
Wands
 q - a wand of lightning (5)
 x - a wand of hasting (4)
 B - a wand of cold (6)
 G - a wand of digging (6)
 Q - a wand of lightning (9)
 U - a wand of fireball (2)
Scrolls
 k - a scroll of magic mapping
 t - a scroll of vulnerability
 C - 2 scrolls of noise
 I - a scroll of recharging
 K - a scroll of identify
 L - 3 scrolls of remove curse
 P - 2 scrolls of teleportation
 V - a scroll of fear
 W - a scroll of enchant weapon {unknown}
Potions
 a - 2 potions of magic
 h - a potion of flight
 l - 2 potions of brilliance
 n - a potion of might
 p - a potion of lignification
 w - a potion of cancellation {unknown}
 H - 3 potions of ambrosia
 O - a potion of haste {unknown}
Miscellaneous
 v - a fan of gales
 J - a box of beasts
Comestibles
 d - 16 bread rations
 g - 7 meat rations
 s - 4 beef jerkies
 M - 17 royal jellies


   Skills:
 * Level 17.3(22.3) Fighting
 - Level 15.0(20.0) Dodging
 - Level 2.4(7.4) Shields
 - Level 15.0(20.0) Unarmed Combat
 - Level 8.0 Invocations
 - Level 2.3 Evocations


You had 7 spell levels left.
You knew the following spells:

 Your Spells              Type           Power        Failure   Level  Hunger
a - Cure Poison           Pois           #.........   94%         2    ###....
b - Swiftness             Chrm/Air       #.......     94%         2    ###....
c - Repel Missiles        Chrm/Air       #.....       94%         2    ###....
d - Regeneration          Chrm/Necr      #.........   99%         3    ####...


Dungeon Overview and Level Annotations

Branches:
Dungeon (15/15)            Temple (1/1) D:5            Lair (8/8) D:11
  Swamp (4/4) Lair:3       Spider (4/4) Lair:3        Slime (0/6) Lair:8
    Orc (0/4) D:9          Vaults (0/5) D:14         Depths (3/5) D:15

Altars:
Cheibriados
Dithmenos
Fedhas
Gozag
Kikubaaqudgha
Nemelex Xobeh
Okawaru
Qazlal
Ru
Trog
Vehumet
Xom
Yredelemnul
Zin
The Shining One

Shops:
D:10 **

Portals:
Hell: Depths:2
Abyss: Depths:2
Pandemonium: Depths:3
Sewer: D:3

Annotations:
D:3 Terence
D:5 Grinder
D:6 Eustachio
Spider:2 Nikola
Spider:4 exclusion: upstairs
Depths:3 1 runed door


Innate Abilities, Weirdness & Mutations

You are too large for most types of armour.
You have claws for hands.
Your metabolism is lightning-fast.
You like to eat raw meat.
You heal very quickly.
You are covered in fur (AC +1).
You have very tough skin (AC +2).
You are somewhat resistant to further mutation.


Message History

Items here: ) ? [ † a halberd of flaming; a fire dragon armour; a scroll of fear the human corpse of Margery Unknown command.
You can now deal lightning-fast blows.
You feel somewhat more hungry.
Unknown command.
W - a scroll labeled SIFUDGH OGHITZI
Things that are here:
a broad axe of flaming; a chain mail You eviscerate the iron dragon!!!
Your claw misses the iron dragon.
The iron dragon is moderately wounded.
You mangle the iron dragon!!
You claw the iron dragon, but do no damage.
The iron dragon is heavily wounded.
The iron dragon breathes metal splinters at you.
The spray of metal splinters hits you!
* * * LOW HITPOINT WARNING * * *
You completely miss the iron dragon.
The iron dragon is heavily wounded.
You scratch the iron dragon but do no damage.
The iron dragon is heavily wounded.
The iron dragon bites you!
* * * LOW HITPOINT WARNING * * *
The iron dragon claws you.
* * * LOW HITPOINT WARNING * * *
The iron dragon tramples you.
* * * LOW HITPOINT WARNING * * *
You stumble backwards!
You scratch the iron dragon but do no damage.
You claw the iron dragon!
The iron dragon is severely wounded.
Unknown command.
You mangle the iron dragon!!
The iron dragon is almost dead.
You barely miss the iron dragon.
The iron dragon is almost dead.
The iron dragon breathes metal splinters at you.
The spray of metal splinters hits you!
You die...

#.# #.# #########.###
...........
#....#.D.#####
#....#.......#
#..@.#.).....#
#...D#.......#
#...))..)#######
#....)..>......#
#..............#
...............(.#
.....)..........##
#....##....####..#
###.:....####....######


You could see an iron dragon.

Vanquished Creatures
  Mara (Depths:1)
  Margery (Depths:3)
  A caustic shrike (Depths:3)
  2 bone dragons (Abyss:3)
  Arachne (Spider:4)
  A tengu reaver (Depths:2)
  3 tentacled starspawn (Abyss:3)
  A thorn hunter (Swamp:4)
  A frost giant (Depths:1)
  The ghost of Implojin the Grappler, a journeyman TrFi of Cheibriados (Spider:4)
  Maud (D:10)
  Louise (Depths:2)
  4 emperor scorpions (Spider:4)
  3 ghost moths (Spider:4)
  A very ugly thing (Depths:3)
  Nessos (D:12)
  2 fire dragons
  2 ettins
  A yaktaur captain (Depths:2)
  A rakshasa (Depths:1)
  2 entropy weavers
  18 hydras
  2 ice dragons (D:15)
  A ghost crab (Swamp:4)
  A hell beast (Depths:2)
  4 alligators
  The ghost of Implojin the Cleaver, a novice MiFi of Okawaru (Lair:2)
  A spriggan air mage (Depths:2)
  3 dancing weapons
  2 deep troll earth magi (Depths:1)
  3 tengu warriors
  3 death yaks (Lair:8)
  4 thrashing horrors (Abyss:3)
  A spriggan berserker (Depths:3)
  2 vampire magi (Depths:2)
  6 spriggans
  2 soul eaters
  A storm dragon zombie (Depths:2)
  5 hell hogs (Abyss:3)
  4 wretched stars (Abyss:3)
  An ice devil (Depths:3)
  3 hell knights
  4 deep trolls
  A giant orange brain (D:15)
  9 swamp dragons
  2 starcursed masses (Abyss:3)
  A shambling mangrove (Swamp:3)
  3 spriggan druids
  2 lindwurms (Lair:4)
  A hill giant (D:13)
  A shadow demon (Abyss:3)
  3 hornets
  A necromancer (Depths:2)
  2 griffons
  A sixfirhy (Abyss:3)
  17 wolf spiders
  23 ugly things
  9 orb spiders
  2 manticores
  A cyclops (D:12)
  A moth of wrath (Spider:4)
  2 worldbinders (Abyss:3)
  13 elephants
  4 black mambas
  An apocalypse crab (Abyss:3)
  2 rust devils
  A frost giant skeleton (Depths:2)
  An orange demon (Abyss:3)
  3 large abominations (Abyss:3)
  Psyche (D:9)
  A torpor snail (Spider:3)
  14 spiny frogs
  5 demonic crawlers
  3 komodo dragons
  3 yaktaurs (Depths:2)
  3 fire drakes
  3 blue devils
  2 queen bees
  2 giant leeches (Swamp:1)
  A hellion (Depths:3)
  A polar bear (shapeshifter) (Depths:1)
  2 trolls
  A red devil (Depths:3)
  9 polar bears (Lair:8)
  3 raiju
  Prince Ribbit (D:9)
  A wind drake (shapeshifter) (Depths:3)
  13 jumping spiders
  13 blink frogs
  6 bog bodies
  25 redbacks
  2 deep elf magi
  28 slime creatures
  4 shadows
  4 air elementals
  45 yaks
  4 trapdoor spiders
  9 tarantellas
  A wraith (D:14)
  A wyvern (D:15)
  3 basilisks
  A hungry ghost (D:9)
  2 fire bats (Volcano)
  2 ynoxinuls (Abyss:3)
  A steam dragon (D:13)
  Menkaure (D:5)
  A hippogriff (shapeshifter) (Depths:2)
  3 hippogriffs
  5 vampire mosquitoes
  7 insubstantial wisps
  3 mottled dragons (Volcano)
  13 porcupines
  10 swamp worms
  7 wargs (Lair:8)
  5 water moccasins
  14 wolves
  4 hell hounds (Lair:8)
  3 orc warriors
  5 swamp drakes
  An ice beast (D:4)
  27 spiders
  12 black bears (Lair:8)
  A sky beast (D:12)
  5 wasps
  5 ogres
  18 crocodiles
  2 phantoms
  An eye of draining (Abyss:3)
  A centaur (D:15)
  2 small abominations (Abyss:3)
  15 giant frogs
  5 brain worms (D:15)
  A wyvern zombie (D:14)
  5 electric eels
  8 wights
  23 killer bees
  A scorpion (D:13)
  2 crimson imps
  A wasp zombie (D:12)
  2 centaur zombies
  14 hounds
  A giant frog zombie (D:9)
  2 iguanas
  15 jellies
  3 orc priests
  10 orc wizards
  11 worker ants
  7 sheep
  33 river rats
  8 adders
  4 shadow imps
  An ufetubus (Abyss:3)
  2 oozes (Lair:8)
  A worm (D:3)
  4 giant geckos
  27 orcs
  A hobgoblin (D:1)
  22 jackals
  5 quokkas
  5 bats
  A giant newt (D:4)
  A goblin (D:3)
  2 kobolds (D:3)
  6 rats
  5 fungi
  5 plants (Lair:8)
846 creatures vanquished.

Vanquished Creatures (others)
  A spriggan druid (Swamp:4)
  An ugly thing (Depths:2)
  A necromancer (Depths:3)
  A jumping spider (Spider:4)
  A redback (Depths:1)
  A jelly (Abyss:3)
  3 fungi
  9 plants
  7 starspawn tentacles (Abyss:3)
  112 starspawn tentacle segments (Abyss:3)
  11 toadstools (Lair:4)
148 creatures vanquished.

Grand Total: 994 creatures vanquished

Notes
Turn   | Place    | Note
--------------------------------------------------------------
     0 | D:1      | Implojin the Troll Fighter began the quest for the Orb.
     0 | D:1      | Reached XP level 1. HP: 22/22 MP: 0/0
    70 | D:2      | Reached XP level 2. HP: 13/29 MP: 1/1
   117 | D:3      | Reached skill level 3 in Unarmed Combat
   167 | D:3      | Found an opulent altar of Gozag.
   168 | D:3      | Found a sparkling altar of Nemelex Xobeh.
   183 | D:3      | Noticed Terence
   209 | D:3      | Reached XP level 3. HP: 12/36 MP: 2/2
   231 | D:2      | Reached skill level 4 in Unarmed Combat
   285 | D:2      | Reached XP level 4. HP: 41/44 MP: 3/3
   341 | D:3      | Found a glowing drain.
   491 | D:3      | Reached skill level 5 in Unarmed Combat
   494 | D:3      | Reached XP level 5. HP: 50/50 MP: 4/4
   553 | D:4      | Noticed a phantom
   574 | D:5      | Entered Level 5 of the Dungeon
   574 | D:5      | Noticed an ice beast
   575 | D:5      | Noticed Grinder
   589 | D:4      | Killed an ice beast
   589 | D:4      | Reached skill level 6 in Unarmed Combat
   589 | D:4      | Reached XP level 6. HP: 18/59 MP: 5/5
   610 | D:4      | Killed a phantom
   611 | D:4      | Reached skill level 7 in Unarmed Combat
   693 | D:5      | Found a staircase to the Ecumenical Temple.
   698 | Temple   | Entered the Ecumenical Temple
   725 | Temple   | Became a worshipper of Warmaster Okawaru
   801 | D:5      | Noticed Menkaure
   820 | D:5      | Killed Menkaure
   820 | D:5      | Reached XP level 7. HP: 25/66 MP: 6/6
   864 | D:5      | Found a bloodstained altar of Trog.
   897 | D:5      | Found a basalt altar of Yredelemnul.
   920 | D:6      | Noticed Eustachio
   925 | D:5      | Reached skill level 8 in Unarmed Combat
  1089 | D:7      | Reached * piety under Okawaru
  1093 | D:7      | Reached skill level 9 in Unarmed Combat
  1216 | D:9      | Noticed a deep elf mage
  1224 | D:9      | Killed a deep elf mage
  1224 | D:9      | Reached XP level 8. HP: 59/74 MP: 7/7
  1274 | D:8      | Reached skill level 10 in Unarmed Combat
  1292 | D:8      | Reached ** piety under Okawaru
  1312 | D:9      | Noticed Psyche
  1327 | D:9      | Killed Psyche
  1327 | D:9      | Reached skill level 11 in Unarmed Combat
  1346 | D:9      | Reached XP level 9. HP: 20/80 MP: 8/8
  1389 | D:9      | Found a staircase to the Orcish Mines.
  1432 | D:10     | Entered Level 10 of the Dungeon
  1502 | D:10     | Reached skill level 12 in Unarmed Combat
  1506 | D:10     | Found Zojum's Assorted Antiques.
  1517 | D:10     | Bought an orange potion for 21 gold pieces
  1602 | D:11     | Reached skill level 3 in Fighting
  1611 | D:11     | Noticed a manticore
  1626 | D:11     | Killed a manticore
  1626 | D:11     | Reached *** piety under Okawaru
  1626 | D:11     | Reached skill level 4 in Fighting
  1633 | D:11     | Reached skill level 5 in Fighting
  1646 | D:11     | Reached skill level 6 in Fighting
  1689 | D:10     | Reached **** piety under Okawaru
  1701 | D:10     | Reached skill level 7 in Fighting
  1701 | D:10     | Reached XP level 10. HP: 28/102 MP: 7/9
  1758 | D:9      | Found a shimmering altar of Xom.
  1761 | D:9      | Found a shadowy altar of Dithmenos.
  1762 | D:9      | Found a sacrificial altar of Ru.
  1764 | D:9      | Found a stormy altar of Qazlal.
  1794 | D:9      | Noticed Prince Ribbit
  1805 | D:9      | Killed Prince Ribbit
  1849 | D:10     | Noticed Maud
  1867 | D:10     | Killed Maud
  1867 | D:10     | Reached skill level 8 in Fighting
  1879 | D:10     | Found Anarghev's Assorted Antiques.
  1940 | D:11     | Reached skill level 9 in Fighting
  1992 | D:10     | Bought a coiled granite ring for 105 gold pieces
  1992 | D:10     | Bought a scroll labeled JUASAG ISSEI for 21 gold pieces
  1994 | D:10     | Identified the ring of Qaocos Ojaur {Fire Dex+6 SInv Stlth+} (You bought it in a shop on level 10 of the Dungeon)
  2097 | D:11     | Found a staircase to the Lair.
  2192 | D:12     | Reached skill level 10 in Fighting
  2259 | D:12     | Noticed Nessos
  2288 | D:12     | Killed Nessos
  2288 | D:12     | Reached ***** piety under Okawaru
  2288 | D:12     | Reached XP level 11. HP: 41/119 MP: 8/10
  2298 | D:12     | Noticed a centaur warrior
  2369 | D:13     | Reached skill level 11 in Fighting
  2417 | D:15     | Entered Level 15 of the Dungeon
  2485 | D:12     | Noticed a cyclops
  2493 | D:12     | Killed a cyclops
  2756 | D:14     | Noticed an enchanted long sword
  2764 | D:14     | Killed an enchanted long sword
  2764 | D:14     | Reached skill level 12 in Fighting
  2782 | D:14     | Found a gate to the Vaults.
  2782 | D:14     | Noticed an enchanted long sword
  2789 | D:14     | Killed an enchanted long sword
  2937 | D:15     | Noticed a giant orange brain
  2938 | D:15     | Lost intelligence.
  2952 | D:15     | Killed a giant orange brain
  2968 | D:15     | Identified a scroll of acquirement
  2992 | D:15     | Got a tattered robe
  3011 | D:15     | Identified the +0 robe of the Pure Hells {rF+ rN+ Str-3} (You found it on level 15 of the Dungeon)
  3290 | D:13     | Noticed a tengu warrior
  3292 | D:13     | Noticed a hill giant
  3298 | D:13     | Killed a hill giant
  3298 | D:13     | Reached skill level 13 in Fighting
  3298 | D:13     | Reached XP level 12. HP: 51/136 MP: 11/11
  3357 | D:13     | HP: 4/136 [tengu warrior/uncursed war axe of venom (13)]
  3359 | D:13     | Killed a tengu warrior
  3362 | D:13     | HP: 4/136 [poisoned by a tengu warrior]
  3536 | Lair:1   | Entered Level 1 of the Lair of Beasts
  3678 | Lair:2   | Reached skill level 1 in Invocations
  3715 | Lair:2   | Reached skill level 2 in Invocations
  3808 | Lair:2   | Reached skill level 3 in Invocations
  3878 | Lair:2   | Noticed Implojin's ghost (novice MiFi)
  3924 | Lair:2   | Killed Implojin's ghost
  3924 | Lair:2   | Reached skill level 4 in Invocations
  3933 | Lair:2   | Found a dark tunnel.
  3945 | Volcano  | Entered a volcano
  4014 | Volcano  | Reached skill level 5 in Invocations
  4115 | Lair:2   | Learned a level 2 spell: Cure Poison
  4201 | Lair:2   | Reached skill level 6 in Invocations
  4202 | Lair:2   | Received a gift from Okawaru
  4237 | Lair:2   | Reached skill level 7 in Invocations
  4243 | Lair:2   | Got a colourful robe {god gift}
  4281 | Lair:2   | Identified the +1 robe "Umiolownu" {rF+ MR+ Str+3 Stlth+} (Okawaru gifted it to you on level 2 of the Lair of Beasts)
  4379 | Lair:3   | Reached skill level 8 in Invocations
  4419 | Lair:3   | Reached skill level 3 in Dodging
  4445 | Lair:3   | Found a hole to the Spider Nest.
  4523 | Lair:4   | Reached skill level 4 in Dodging
  4529 | Lair:4   | Reached XP level 13. HP: 85/144 MP: 16/18
  4609 | Lair:4   | Noticed a four-headed hydra
  4732 | Lair:6   | Identified the Almanac of Lightness
  4737 | Lair:6   | Learned a level 2 spell: Swiftness
  4784 | Lair:8   | Entered Level 8 of the Lair of Beasts
  4794 | Lair:8   | Reached skill level 5 in Dodging
  4837 | Lair:8   | Found a staircase to the Slime Pits.
  4961 | Lair:8   | Reached skill level 6 in Dodging
  5058 | Lair:8   | Reached skill level 7 in Dodging
  5147 | Lair:8   | Gained mutation: You are somewhat resistant to further mutation. [potion of mutation]
  5259 | Lair:8   | Reached skill level 8 in Dodging
  5283 | Lair:8   | Received a gift from Okawaru
  5316 | Lair:7   | Reached skill level 9 in Dodging
  5704 | Lair:8   | Reached skill level 10 in Dodging
  5733 | Lair:8   | Identified the Papyrus of Talismans
  5829 | Lair:8   | Reached XP level 14. HP: 150/153 MP: 19/19
  6095 | Lair:6   | Learned a level 2 spell: Repel Missiles
  6099 | Lair:6   | Learned a level 3 spell: Regeneration
  6107 | Lair:6   | Found a glowing golden altar of the Shining One.
  6344 | Lair:4   | Killed a five-headed hydra
  6346 | Lair:4   | Reached skill level 11 in Dodging
  6604 | Lair:3   | Found a staircase to the Swamp.
  6631 | Swamp:1  | Entered Level 1 of the Swamp
  6876 | Swamp:1  | Reached skill level 12 in Dodging
  7143 | Swamp:3  | Reached skill level 13 in Dodging
  7185 | Swamp:4  | Entered Level 4 of the Swamp
  7429 | Swamp:4  | Received a gift from Okawaru
  7651 | Swamp:4  | Reached XP level 15. HP: 93/161 MP: 14/20
  7694 | Swamp:4  | Noticed a thorn hunter
  7703 | Swamp:4  | Killed a thorn hunter
  7703 | Swamp:4  | Reached skill level 14 in Dodging
  8016 | Swamp:4  | Received a gift from Okawaru
  8146 | Swamp:4  | Got a decaying rune of Zot
  8335 | Spider:1 | Entered Level 1 of the Spider Nest
  8472 | Spider:2 | Reached skill level 15 in Dodging
  8553 | Spider:3 | Reached skill level 1 in Evocations
  8863 | Spider:3 | Reached skill level 2 in Evocations
  8936 | Spider:4 | Entered Level 4 of the Spider Nest
  8936 | Spider:4 | Noticed Implojin's ghost (journeyman TrFi)
  8944 | Spider:4 | Killed Implojin's ghost
  9104 | Spider:4 | Reached skill level 13 in Unarmed Combat
  9154 | Spider:4 | Noticed Arachne
  9171 | Spider:4 | Killed Arachne
  9211 | Spider:4 | Reached XP level 16. HP: 143/170 MP: 8/21
  9260 | Spider:4 | Reached skill level 14 in Unarmed Combat
  9275 | Spider:4 | Received a gift from Okawaru
  9471 | Spider:4 | Got a gossamer rune of Zot
  9531 | Spider:3 | Reached skill level 15 in Unarmed Combat
  9544 | Spider:2 | Noticed Nikola
  9964 | D:15     | Noticed a fire dragon
  9965 | D:15     | Noticed an ice dragon
  9978 | D:15     | Killed a fire dragon
  9982 | D:15     | Killed an ice dragon
  9987 | D:15     | Found a staircase to the Depths.
  9995 | Depths:1 | Entered Level 1 of the Depths
 10060 | Depths:1 | Reached skill level 14 in Fighting
 10091 | Depths:1 | Noticed Mara
 10093 | Depths:1 | Noticed Implojin's illusion
 10135 | Depths:1 | Killed Mara
 10201 | Depths:1 | Found a shimmering altar of Xom.
 10395 | Depths:1 | You fall through a shaft!
 10429 | Depths:2 | Received a gift from Okawaru
 10489 | Depths:2 | Found a one-way gate to the infinite horrors of the Abyss.
 10505 | Depths:2 | Noticed Louise
 10505 | Depths:2 | Cast into the Abyss (Louise)
 10505 | Abyss:1  | Found a corrupted altar of Lugonu.
 10770 | Abyss:3  | Reached skill level 15 in Fighting
 10863 | Abyss:3  | Noticed a tentacled starspawn
 10880 | Abyss:3  | Killed a tentacled starspawn
 10886 | Abyss:3  | Noticed a tentacled starspawn
 10890 | Abyss:3  | Killed a tentacled starspawn
 10890 | Abyss:3  | Reached XP level 17. HP: 184/184 MP: 22/22
 10969 | Abyss:3  | Noticed a bone dragon
 11004 | Abyss:3  | Killed a bone dragon
 11042 | Abyss:3  | Noticed a bone dragon
 11069 | Abyss:3  | Killed a bone dragon
 11077 | Abyss:3  | Got an abyssal rune of Zot
 11122 | Abyss:3  | Reached skill level 16 in Fighting
 11134 | Abyss:3  | Received a gift from Okawaru
 11168 | Depths:2 | Escaped the Abyss
 11381 | Depths:3 | Found a runed door.
 11400 | Depths:3 | Noticed Margery
 11495 | Depths:2 | Found a gateway to Hell.
 11512 | Depths:2 | Killed Louise
 11831 | Depths:3 | Found a one-way gate leading to the halls of Pandemonium.
 11850 | Depths:3 | Reached skill level 17 in Fighting
 11851 | Depths:3 | Noticed a caustic shrike
 11872 | Depths:3 | Killed a caustic shrike
 11929 | Depths:3 | Killed Margery
 11955 | Depths:3 | Killed from afar by an iron dragon

Action                   |  1- 3 |  4- 6 |  7- 9 | 10-12 | 13-15 | 16-18 || total
-------------------------+-------+-------+-------+-------+-------+-------++-------
Melee: Unarmed           |    61 |   127 |   208 |   514 |  1251 |   775 ||  2936
Throw: Large rock        |       |       |       |     5 |    15 |     2 ||    22
       Tomahawk          |       |       |       |     5 |    20 |       ||    25
       Throwing net      |       |       |       |       |     3 |       ||     3
       Javelin           |       |       |       |       |     3 |     8 ||    11
Invok: Heroism           |       |       |     6 |    39 |    41 |    25 ||   111
       Finesse           |       |       |       |     3 |    13 |    13 ||    29
Evoke: Wand              |       |       |     3 |     1 |    28 |     3 ||    35
  Use: Scroll            |       |       |     3 |    14 |    15 |     9 ||    41
       Potion            |       |       |       |     9 |    14 |     4 ||    27
 Stab: Sleeping          |       |     1 |     2 |     7 |    14 |     1 ||    25
       Confused          |       |       |     2 |       |       |       ||     2
       Invisible         |       |       |       |       |    19 |       ||    19
       Held in net/web   |       |       |       |       |     2 |       ||     2
       Distracted        |       |       |       |       |     1 |       ||     1
  Eat: Chunk             |       |     9 |    13 |    29 |    23 |    29 ||   103
       Royal jelly       |       |       |       |     2 |       |       ||     2
       Meat ration       |       |       |       |     1 |     3 |       ||     4
       Pizza             |       |       |       |       |     1 |       ||     1
       Beef jerky        |       |       |       |       |     1 |       ||     1

Table legend:
 A = Turns spent in this place as a percentage of turns spent in the entire game.
 B = Non-inter-level travel turns spent in this place as a percentage of non-inter-level travel turns spent in the entire game.
 C = Inter-level travel turns spent in this place as a percentage of turns spent in this place.
 D = Turns resting spent in this place as a percentage of non-inter-level travel turns spent in this place.
 E = Turns spent auto-exploring this place as a percentage of non-inter-level travel turns spent in this place.
 F = Non-inter-level travel turns spent in this place divided by the number of levels of this place that you've seen.
                   A       B       C       D       E      F
               +-------+-------+-------+-------+-------+----------------------
         Total | 100.0 | 100.0 |   0.0 |   0.3 |   0.0 | 287.5
       Dungeon |  33.2 |  33.2 |   0.0 |   0.2 |   0.0 | 248.1
        Temple |   0.4 |   0.4 |   0.0 |   0.0 |   0.0 |  41.0
          Lair |  26.7 |  26.7 |   0.0 |   0.1 |   0.0 | 374.0
         Swamp |  12.5 |  12.5 |   0.0 |   1.3 |   0.0 | 350.8
   Spider Nest |   9.9 |   9.9 |   0.0 |   0.4 |   0.0 | 278.8
        Depths |   9.9 |   9.9 |   0.0 |   0.6 |   0.0 | 369.0
         Abyss |   6.1 |   6.1 |   0.0 |   0.0 |   0.0 | 229.0
       Volcano |   1.3 |   1.3 |   0.0 |   0.0 |   0.0 | 144.0
               +-------+-------+-------+-------+-------+----------------------

Table legend:
 A = Kills in this place as a percentage of kills in entire the game.
 B = Kills by you in this place as a percentage of kills by you in the entire game.
 C = Kills by friends in this place as a percentage of kills by friends in the entire game.
 D = Other kills in this place as a percentage of other kills in the entire game.
 E = Experience gained in this place as a percentage of experience gained in the entire game.
 F = Experience gained in this place divided by the number of levels of this place that you have seen.
                   A       B       C       D       E      F
               +-------+-------+-------+-------+-------+----------------------
         Total | 100.0 | 100.0 |  -nan | 100.0 | 100.0 | 7150.1
       Dungeon |  28.1 |  28.1 |  -nan |  28.6 |  10.3 | 1915.7
          Lair |  29.1 |  29.4 |  -nan |   0.0 |  17.1 | 5953.1
         Swamp |  12.0 |  12.0 |  -nan |  14.3 |  17.5 | 12174.8
   Spider Nest |  14.5 |  14.6 |  -nan |   0.0 |  18.5 | 12867.5
        Depths |   8.7 |   8.6 |  -nan |  14.3 |  22.5 | 20920.3
         Abyss |   6.7 |   6.4 |  -nan |  42.9 |  13.4 | 12485.0
       Volcano |   1.0 |   1.0 |  -nan |   0.0 |   0.8 | 2108.0
               +-------+-------+-------+-------+-------+----------------------
